 Dungeon Crawl Stone Soup version 0.31-a0-473-g61b50ae490 (webtiles) character file.

Game seed: 18271996448571511612

8081 CraigForest the Skirmisher (level 11, -2/84 HPs)
             Began as a Formicid Hunter on Aug 6, 2023.
             Was an Initiate of Gozag.
             Shot with an arrow by a centaur (11 damage)
             ... on level 9 of the Dungeon.
             The game lasted 00:36:01 (7018 turns).

CraigForest the Skirmisher (Formicid Hunter)        Turns: 7018, Time: 00:36:01

Health: -2/84      AC: 16    Str: 16    XL:     11   Next: 49%
Magic:  11/11      EV:  2    Int:  9    God:    Gozag
Gold:   738        SH:  0    Dex: 21    Spells: 10/10 levels left

rFire   + . .        g - +7 long sword of Viovufeh {holy, rC+}
rCold   + + .        (no shield)
rNeg    . . .        R - +0 gold dragon scales
rPois   +            (helmet unavailable)
rElec   .            (no cloak)
rCorr   .            (no gloves)
SInv    +            I - +0 pair of boots
Will    +....        s - amulet of regeneration Stlth
                     f - +4 ring of slaying
HPRegen 1.14/turn    i - ring of poison resistance
MPRegen 0.12/turn

%: no passive effects
@: marked
A: permanent stasis, dig shafts and tunnels, antennae 3, four strong arms
a: Dig, Shaft Self, Renounce Religion, Potion Petition, Call Merchant, Bribe
Branch


You were on level 9 of the Dungeon.
You worshipped Gozag.
Gozag was pleased with you.
You visited 2 branches of the dungeon, and saw 11 of its levels.
You also visited: Ossuary.

You collected 880 gold pieces.
You paid 142 gold pieces to Gozag.

Inventory:

Hand Weapons
 a - a +1 shortbow
 g - the +7 long sword of Viovufeh (weapon) {holy, rC+}
   (You found it on level 7 of the Dungeon)

   rC:        It protects you from cold.
 q - a +0 falchion of electrocution
 y - a +0 great sword
Missiles
 j - 2 javelins
 v - a curare-tipped dart
 J - 11 poisoned darts
Armour
 h - +0 acid dragon scales
 H - a +0 plate armour
 I - a +0 pair of boots (worn)
 K - a +0 chain mail
 R - +0 gold dragon scales (worn)
Jewellery
 f - a +4 ring of slaying (left hand)
 i - a ring of poison resistance (right hand)
 s - an amulet of regeneration (around neck)
 u - a ring of magical power
 G - a ring of protection from fire
 P - a ring of wizardry
Talismans
 p - a granite talisman
Wands
 l - a wand of mindburst (13)
 r - a wand of acid (8) (quivered)
 w - a wand of charming (10)
 M - a wand of iceblast (4)
 N - a wand of digging (7)
Scrolls
 b - a scroll of noise {unknown}
 d - 8 scrolls of teleportation
 A - 2 scrolls of revelation {unknown}
 B - 4 scrolls of poison
 C - a scroll of fog {unknown}
 D - a scroll of blinking {unknown}
 L - 2 scrolls of torment {unknown}
 O - a scroll of enchant weapon
Potions
 c - a potion of berserk rage {unknown}
 e - 3 potions of haste
 k - 3 potions of magic
 m - 2 potions of resistance
 n - 2 potions of curing
 o - a potion of heal wounds
 t - 2 potions of ambrosia
 x - 2 potions of enlightenment {unknown}
 z - a potion of attraction {unknown}
 E - 2 potions of might {unknown}
 F - 3 potions of invisibility
 Q - a potion of cancellation {unknown}


   Skills:
 + Level 7.4 Fighting
 + Level 8.6 Long Blades
 + Level 9.5 Ranged Weapons
 + Level 5.2 Armour
 + Level 4.6 Dodging
 + Level 3.7 Stealth
 + Level 0.6 Evocations
 * Level 6.2 Shapeshifting


You had 10 spell levels left.
You didn't know any spells.
Your spell library contained the following spells:

 Spells                   Type           Power      Damage    Failure   Level
 Kiss of Death            Conj/Necr      0%         2d5       100%        1
 Confusing Touch          Hex            0%         N/A       100%        3
 Portal Projectile        Hex/Tloc       0%         N/A       100%        3
 Tukima's Dance           Hex            0%         N/A       100%        3
 Dispel Undead            Necr           0%         3d6       100%        4
 Iskenderun's Mystic Bla  Conj/Tloc      0%         2d3       100%        4
 Fireball                 Conj/Fire      0%         3d3       100%        5
 Iskenderun's Battlesphe  Conj           0%         2d6       100%        5
 Conjure Ball Lightning   Conj/Air       0%         3x3d6     100%        6
 Orb of Destruction       Conj           0%         9d5       100%        7


Dungeon Overview and Level Annotations

Branches:
Dungeon (10/15)            Temple (1/1) D:7             Orc (0/2) D:10
Ossuary (visited)
   Lair: D:8-11

Altars:
Ashenzari
Cheibriados
Dithmenos
Elyvilon
Fedhas
Gozag
Hepliaklqana
Kikubaaqudgha
Makhleb
Nemelex Xobeh
Okawaru
Qazlal
Ru
Sif Muna
Trog
Uskayaw
Vehumet
Wu Jian
Xom
Zin
The Shining One


Innate Abilities, Weirdness & Mutations

You cannot be hasted, slowed, berserked, paralysed or teleported.
You can dig through walls and to a lower floor.
You have a pair of large antennae on your head. (SInv)
Your four strong arms can wield two-handed weapons with a shield.


Message History

The centaur wields a +0 orcbow.
The centaur shoots an arrow.
The arrow hits you.
The centaur shoots an arrow.
The arrow hits you but does no damage.
The centaur shoots an arrow.
The arrow hits you!
The centaur shoots an arrow.
The arrow completely misses you.
The arrow hits the red ugly thing!
The red ugly thing attacks as you move away!
The red ugly thing kicks you but does no damage.
The centaur shoots an arrow.
The arrow hits you. The red ugly thing kicks you!
You are engulfed in flames!
You resist.
You open the door.
The centaur shoots an arrow.
The arrow hits you.
The centaur shoots an arrow.
The arrow hits you.
The red ugly thing completely misses you.
An efreet comes into view.
It is wielding a +2 scimitar of flaming.
The centaur unwields a +0 orcbow.
The centaur barely misses you.
The centaur kicks you but does no damage.
There is an open door here.
The red ugly thing attacks as you move away!
The red ugly thing barely misses you.
The centaur wields a +0 orcbow.
The centaur shoots an arrow.
The arrow hits you! The efreet gestures at you. The bolt of fire hits you.
You resist.
You open the door. The red ugly thing kicks you.
You are engulfed in flames!
You resist. The efreet gestures at you.
The fireball explodes!
The fireball engulfs you. You resist.
There is an open door here.
The centaur shoots an arrow.
The arrow hits you but does no damage.
The red ugly thing attacks as you move away!
The red ugly thing kicks you.
* * * LOW HITPOINT WARNING * * *
You are engulfed in flames!
You resist.
* * * LOW HITPOINT WARNING * * *
The centaur shoots an arrow.
The arrow hits you!
* * * LOW HITPOINT WARNING * * *
The red ugly thing basks in the mutagenic energy from its kin and changes!
The centaur shoots an arrow.
The arrow hits you but does no damage.
You see here a +5 orcbow.
The centaur shoots an arrow.
The arrow hits you!
You die...
Your body crumbles into a pile of gold.

................................#
.....{{{{{......................#
......#####'#...................#
#.###.....gu#c..................#
#.#.##...9R9R...................#
#.#..##..○.☼#u..................#
#.#.⌠.##○...#.u.................#
#.#....#.)..#..)................#
.⌠.#####)...#...@...............#
⌠⌠⌠uuu)...{.#...................#
.⌠.#####.>|.#>..................#
#.#...[#....#.....<...[)........#
#.#.⌠.##....#.........).........#
#.#..##.....#.........[.........#
#.#.##..#...#...................#
#.###.......#...................#
... #.......#...................#


You could see 3 ugly things, an efreet, a gargoyle, a centaur and a gnoll bouda.

Vanquished Creatures
  2 two-headed ogres (D:9)
  Pikel (D:5)
  Joseph (D:7)
  A kobold demonologist (D:6)
  Maggie (D:7)
  A tengu conjurer (D:9)
  A troll (D:8)
  A wyvern (D:7)
  A shadow (D:9)
  3 yaks (D:10)
  A steam dragon (D:9)
  Eustachio (D:6)
  A water moccasin (D:7)
  An acid dragon (D:4)
  2 ice beasts
  3 orc warriors
  A black bear (D:6)
  A sky beast (D:7)
  An ogre (D:5)
  3 centaurs
  2 kobold brigands
  4 phantoms
  A gnoll sergeant (D:7)
  4 bullfrogs
  A scorpion (D:4)
  9 wights
  3 killer bees (D:9)
  6 electric eels (D:6)
  5 howler monkeys
  2 bullfrog zombies (Ossuary)
  5 hounds
  2 jellies
  3 centaur zombies (Ossuary)
  2 orc priests
  A sleepcap (D:8)
  Jessica (D:2)
  Ijyb (D:3)
  4 orc wizards
  2 scorpion zombies (Ossuary)
  4 iguanas
  An ogre zombie (Ossuary)
  A mummy (D:5)
  7 adders
  12 gnolls
  2 shadow imps
  An ufetubus (D:6)
  6 adder zombies (Ossuary)
  2 worms
  4 dart slugs
  17 orcs
  4 bats
  10 endoplasms
  12 giant cockroaches
  5 gnoll zombies (Ossuary)
  9 goblins
  3 hobgoblins
  5 jackals
  6 kobolds
  8 quokkas
  9 ball pythons
  4 frilled lizards
  2 goblin zombies (Ossuary)
  A hobgoblin zombie (Ossuary)
  4 orc zombies (Ossuary)
  5 rats
230 creatures vanquished.

Vanquished Creatures (others)
  A centaur (D:9)
  A bat (D:3)
2 creatures vanquished.

Grand Total: 232 creatures vanquished

Notes
Turn   | Place    | Note
-------+----------+-------------------------------------------
     0 | D:1      | CraigForest the Formicid Hunter began the quest for the
                  | Orb.
     0 | D:1      | Reached XP level 1. HP: 16/16 MP: 1/1
    39 | D:1      | Reached XP level 2. HP: 11/22 MP: 2/2
   233 | D:1      | Reached XP level 3. HP: 28/28 MP: 3/3
   302 | D:1      | Reached skill level 5 in Ranged Weapons
   774 | D:2      | Reached XP level 4. HP: 34/34 MP: 4/4
   889 | D:2      | Noticed Jessica
   894 | D:2      | Killed Jessica
   895 | D:2      | Reached XP level 5. HP: 27/39 MP: 5/5
  1244 | D:2      | Reached skill level 6 in Ranged Weapons
  1396 | D:3      | Noticed Ijyb
  1400 | D:3      | HP: 1/39 [Ijyb/bolt of acid (20)]
  1702 | D:4      | Reached XP level 6. HP: 20/47 MP: 6/6
  1822 | D:3      | Killed Ijyb
  1975 | D:3      | Reached skill level 1 in Armour
  2000 | D:3      | Reached skill level 1 in Shapeshifting
  2536 | D:4      | Noticed an acid dragon
  2546 | D:4      | Killed an acid dragon
  2547 | D:4      | Reached skill level 7 in Ranged Weapons
  2547 | D:4      | Reached XP level 7. HP: 16/53 MP: 7/7
  2698 | D:4      | Reached XP level 8. HP: 46/60 MP: 8/8
  3180 | D:4      | Found a glowing golden altar of the Shining One.
  3352 | D:5      | Entered Level 5 of the Dungeon
  3372 | D:5      | Found a sand-covered staircase.
  3386 | Ossuary  | Entered an ossuary
  3461 | Ossuary  | Reached skill level 8 in Ranged Weapons
  3568 | Ossuary  | Noticed a silent spectre
  3678 | D:5      | Noticed Pikel
  3686 | D:5      | Killed Pikel
  3687 | D:5      | Reached skill level 5 in Fighting
  3687 | D:5      | Reached XP level 9. HP: 66/68 MP: 9/9
  3691 | D:5      | Reached skill level 9 in Ranged Weapons
  3729 | D:5      | Found a bloodstained altar of Trog.
  3784 | D:5      | Found an ornate altar of the Wu Jian Council.
  3833 | D:5      | Found a blossoming altar of Fedhas.
  3970 | D:5      | Reached skill level 1 in Long Blades
  3983 | D:5      | Found a radiant altar of Vehumet.
  4382 | D:5      | Found a white marble altar of Elyvilon.
  4563 | D:6      | Noticed a kobold demonologist
  4573 | D:6      | Killed a kobold demonologist
  5078 | D:6      | Noticed Eustachio
  5099 | D:6      | Killed Eustachio
  5100 | D:6      | Reached XP level 10. HP: 57/76 MP: 10/10
  5363 | D:6      | Found a snail-covered altar of Cheibriados.
  5461 | D:7      | Noticed Maggie
  5475 | D:7      | Killed Maggie
  5481 | D:7      | Reached skill level 5 in Long Blades
  5532 | D:7      | Noticed Joseph
  5542 | D:7      | Killed Joseph
  5543 | D:7      | Reached skill level 5 in Shapeshifting
  5545 | D:7      | Found a staircase to the Ecumenical Temple.
  5586 | Temple   | Entered the Ecumenical Temple
  5606 | Temple   | Became a worshipper of Gozag Ym Sagoz the Greedy
  5747 | D:7      | Found a hazy altar of Hepliaklqana.
  5775 | D:7      | Identified the +7 long sword of Viovufeh {holy, rC+}
  6064 | D:7      | Found a glowing silver altar of Zin.
  6065 | D:7      | Found a hide-covered altar of Uskayaw.
  6065 | D:7      | Found a burning altar of Makhleb.
  6072 | D:7      | Found a stormy altar of Qazlal.
  6476 | D:8      | You fall into a shaft and drop 2 floors!
  6476 | D:10     | Entered Level 10 of the Dungeon
  6577 | D:10     | Reached XP level 11. HP: 52/83 MP: 11/11
  6603 | D:10     | Found a staircase to the Orcish Mines.
  6604 | D:10     | Noticed a cyan ugly thing
  6780 | D:9      | Noticed a two-headed ogre
  6786 | D:9      | Killed a two-headed ogre
  6787 | D:9      | Reached skill level 5 in Armour
  6867 | D:9      | Noticed a green ugly thing
  6867 | D:9      | Noticed a green ugly thing
  6867 | D:9      | Noticed a red ugly thing
  6868 | D:9      | Noticed a red ugly thing
  6954 | D:9      | Noticed a two-headed ogre
  6962 | D:9      | Killed a two-headed ogre
  6971 | D:9      | Noticed a catoblepas
  7018 | D:9      | Shot with an arrow by a centaur

Illustrated notes

Levels and vault maps discovered:
D:1:      psy_arrival_statuary, layout_basic
D:2:      layout_basic, grunt_ministairs_1, minmay_worlds_worst_comb,
          uniq_jessica
D:3:      cheibrodos_helix_gallery, layout_loops_corners,
          hangedman_feature_mirror, uniq_ijyb
D:4:      layout_cave_pods, kennysheep_mini_moat, minmay_bent
D:5:      layout_loops_ring, mainiacjoe_overflow_paths, elyvilon_altar_3,
          mainiacjoe_overflow_big_doors, trog_three_pillars_becter,
          gup_ossuary_entry_pyramid, uniq_pikel
D:6:      cheibrodos_two_vegetables, layout_cave_pools, kennysheep_mini,
          minmay_misc_feat_doors, uniq_eustachio
D:7:      layout_loops_ring, grunt_temple_overflow_open,
          worldfamousw_hep_ancestral_shrine, minmay_temple_entry_overgrown,
          uniq_joseph, uniq_maggie
D:8:      layout_layer_cave, erik_lair_island
D:9:      minmay_the_grid_octo_tiled_octocenter [minmay_the_grid_octo_clover,
          minmay_the_grid_octo_clover_2, minmay_the_grid_octo_pinwheel,
          minmay_the_grid_octo_tetromino_candy,
          minmay_the_grid_octo_prize_square_snowflake,
          minmay_the_grid_square_5x5_lines,
          minmay_the_grid_square_5x5_intrusive_squares,
          minmay_the_grid_square_5x5_beaten_path,
          minmay_the_grid_square_5x5_bracketed], layout_gridville
D:10:     layout_rooms, yredelemnul_forgotten_temple_becter,
          eino_small_chamber_without_monster
Temple:   nicolae_temple_ecumenical_triangle

Skill      XL: |  1  2  3  4  5  6  7  8  9 10 11 |
---------------+----------------------------------+-----
Ranged Weapons | 5 6 7 8 9 |  9.5
Fighting       | 3 4 5 6 7 |  7.4
Armour         | 1 2 3 4 5 |  5.2
Shapeshifting  | 1 2 3 4 5 6 |  6.2
Dodging        | 2 3 4 |  4.6
Stealth        | 2 3 |  3.7
Long Blades    | 4 6 8 |  8.6
Evocations     | |  0.6

Action                     |  1- 3 |  4- 6 |  7- 9 | 10-12 || total
---------------------------+-------+-------+-------+-------++-------
  Melee: Great sword       |       |       |    78 |    88 ||   166
         Long sword        |       |       |       |   129 ||   129
         Punch             |       |       |       |     3 ||     3
   Fire: Shortbow          |    77 |   144 |   219 |       ||   440
Ability: Shaft Self        |       |       |       |     1 ||     1
  Evoke: Wand              |       |       |     2 |     7 ||     9
    Use: Scroll            |       |     4 |     6 |     1 ||    11
         Potion            |       |       |     1 |     4 ||     5
   Stab: Sleeping          |       |       |     1 |     2 ||     3
         Distracted        |       |       |       |     2 ||     2
 Armour: Leather armour    |     6 |       |       |       ||     6
         Ring mail         |     1 |    10 |       |       ||    11
         Acid dragon scale |       |       |   122 |   108 ||   230
         Gold dragon scale |       |       |       |    18 ||    18
  Dodge: Dodged            |    22 |    39 |   207 |   230 ||   498

Table legend: (Time is in decaauts)
 A = Elapsed time spent in this place.
 B = Non-inter-level travel time spent in this place.
 C = Inter-level travel time spent in this place.
 D = Time resting spent in this place.
 E = Time spent auto-exploring this place.
 F = Levels seen in this place.
 G = Mean time per level.
                   A        B        C        D        E       F      G
               +--------+--------+--------+--------+--------+-----+--------+
         Total |   7184 |   6918 |    266 |    525 |   4163 |  12 |  598.7 |
       Dungeon |   6875 |   6624 |    251 |    525 |   4147 |  10 |  687.5 |
        Temple |     25 |     10 |     15 |      0 |      0 |   1 |   25.0 |
       Ossuary |    283 |    283 |      0 |      0 |     16 |   1 |  283.0 |
               +--------+--------+--------+--------+--------+-----+--------+

Top non-repeatable levels by time:
     D:6: 984 daAuts
     D:7: 934 daAuts
     D:4: 930 daAuts
     D:5: 916 daAuts
     D:3: 903 daAuts
     D:1: 788 daAuts
     D:2: 784 daAuts
     D:9: 367 daAuts
 Ossuary: 283 daAuts
    D:10: 174 daAuts
     D:8: 91 daAuts
  Temple: 25 daAuts
